 Dungeon Crawl Stone Soup version 0.29.1-2-gbd0b4ee654 (webtiles) character file.

Game seed: 4962638721610732158

4 cdecastro the Scratcher (level 1, 0/9 HPs)
             Began as a Felid Transmuter on Nov 20, 2022.
             Killed from afar by a dart slug (4 damage)
             ... with a slug dart
             ... on level 1 of the Dungeon.
             The game lasted 00:00:24 (148 turns).

cdecastro the Scratcher (Felid Transmuter)           Turns: 148, Time: 00:00:25

Health: 0/9        AC:  1    Str:  6    XL:     1   Next: 50%
Magic:  2/4        EV: 17    Int: 14    God:
Gold:   40         SH:  0    Dex: 16    Spells: 3/4 levels left
                                        Lives:  0   Deaths: 0

rFire   . . .      SeeInvis +     - Unarmed
rCold   . . .      Faith    .   (shield unavailable)
rNeg    . . .      Spirit   .   (body armour unavailable)
rPois   .          Reflect  .   (helmet unavailable)
rElec   .          Harm     .   (cloak unavailable)
rCorr   .          Rampage  .   (gloves unavailable)
Will    .....                   (boots unavailable)
Stlth   +.........              (no amulet)
HPRegen 0.03/turn               (no ring)
MPRegen 0.09/turn               (no ring)

@: appendages (expiring), very slightly contaminated, quick
A: horns 2, very small, claws 1, fangs 3, see invisible, speed 1, shaggy fur 1,
stealthy paws, no weapons or thrown items, no armour, multi-lived
a: End Transformation


You were on level 1 of the Dungeon.
You had temporarily grown beastly horns.
You visited 1 branch of the dungeon, and saw 1 of its levels.

You collected 40 gold pieces.

Inventory:

Scrolls
 c - a scroll of immolation {unknown}
 d - a scroll of butterflies {unknown}
 e - a scroll of vulnerability {unknown}
Potions
 a - a potion of lignification
 b - a potion of might {unknown}


   Skills:
 - Level 1.0 Fighting
 - Level 2.6 Dodging
 - Level 3.0 Unarmed Combat
 - Level 2.0 Spellcasting
 + Level 2.6 Transmutations


You had 3 spell levels left.
You knew the following spells:

 Your Spells              Type           Power      Damage    Failure   Level
a - Beastly Appendage     Tmut           16%        N/A       8%          1

Your spell library contained the following spells:

 Spells                   Type           Power      Damage    Failure   Level
 Wereblood                Tmut           8%         N/A       12%         2
 Spider Form              Tmut/Pois      5%         N/A       38%         3
 Ice Form                 Ice/Tmut       5%         N/A       80%         4


Dungeon Overview and Level Annotations

Branches:
Dungeon (1/15)

Altars:


Innate Abilities, Weirdness & Mutations

You have temporarily grown beastly horns.
You have sharp claws.
You have razor-sharp teeth.
You have supernaturally acute eyesight. (SInv)
You cover ground quickly. (Speed+)
You are covered in fur. (AC +1)
Your paws help you pounce on unaware monsters.
You are incapable of wielding weapons or throwing items.
You cannot wear armour.
You gain extra lives every three experience levels.


Message History

The giant cockroach completely misses you.
You scratch the giant cockroach but do no damage.
The giant cockroach bites you.
You scratch the giant cockroach.
The giant cockroach is lightly wounded.
The giant cockroach bites you.
You closely miss the giant cockroach.
The giant cockroach is lightly wounded.
The giant cockroach bites you.
* * * LOW HITPOINT WARNING * * *
The giant cockroach misses you.
You scratch the giant cockroach. You bite the giant cockroach.
You kill the giant cockroach!
You see here a giant cockroach corpse.
Casting: Beastly Appendage (safe; 8% risk of failure)
Press: ? - help, Q - select action Dir - look around, f - activate You miscast Beastly Appendage.
You are very lightly contaminated with residual magic.
Nothing appears to happen.
A dart slug comes into view.
Casting: Beastly Appendage (safe; 8% risk of failure)
Press: ? - help, Q - select action Dir - look around, f - activate You grow a pair of large bovine horns.
The dart slug briefly extends its eye-stalks.
Unknown command.
You scratch the dart slug.
The dart slug is lightly wounded.
The dart slug barely misses you.
You scratch the dart slug.
You headbutt the dart slug, but do no damage.
The dart slug is moderately wounded.
The dart slug closely misses you.
You scratch the dart slug.
The dart slug is heavily wounded.
Your transformation is almost over.
You scratch the dart slug. You claw the dart slug.
You kill the dart slug!
The dart slug launches a dart at you. The slug dart hits you.
You die...

#..## ##... ### ##.##
##.... ..##. #..#
##.....
#.##.##.####......
#.##.#..###......#
#.##.#.###......##
#.##.#.##......##
#.##.#.#......##
#@##)#.......##
#†##(....<..##
#w##.#.......#
#.##.#.#......#
#....#.##......#
P~.~.....###.###......##
w.P......# #.. ##......#
P...#.##.# ##. ##......
### #. #.. . ##.....


You could see a dart slug.

Vanquished Creatures
  A dart slug (D:1)
  A giant cockroach (D:1)
  A kobold (D:1)
  A ball python (D:1)
  A rat (D:1)
5 creatures vanquished.

Notes
Turn   | Place    | Note
-------+----------+-------------------------------------------
     0 | D:1      | cdecastro the Felid Transmuter began the quest for the Orb.
     0 | D:1      | Reached XP level 1. HP: 9/9 MP: 4/4
   148 | D:1      | Killed from afar by a dart slug

Illustrated notes

Levels and vault maps discovered:
D:1:      dpeg_arrival_central, layout_basic, serial_glass, glass_columns_b,
          glass_columns_b, serial_bayou_pond_b

Action                   || total
-------------------------++-------
Melee: Unarmed           ||    11
       Bite              ||     2
       Headbutt          ||     1
       Punch             ||     1
 Cast: Beastly Appendage ||     1
 Stab: Sleeping          ||     1
Dodge: Dodged            ||     4
